 Dungeon Crawl Stone Soup version 0.30-a0-311-gf115ab0292 (webtiles) character file.

Game seed: 7579162234233627947

94 Powertoast the Chopper (level 4, -3/41 HPs)
             Began as a Hill Orc Fighter on Oct 25, 2022.
             Slain by Grinder (7 damage)
             ... on level 3 of the Dungeon.
             The game lasted 00:03:41 (2082 turns).

Powertoast the Chopper (Hill Orc Fighter)           Turns: 2082, Time: 00:03:42

Health: -3/41      AC:  8    Str: 20    XL:     4   Next: 63%
Magic:  4/4        EV:  9    Int:  8    God:
Gold:   209        SH:  4    Dex: 10    Spells: 3/3 levels left

rFire   . . .      SeeInvis +    a - +0 war axe
rCold   . . .      Faith    .    c - +0 buckler
rNeg    . . .      Spirit   .    b - +0 scale mail
rPois   .          Reflect  .    (no helmet)
rElec   .          Harm     .    (no cloak)
rCorr   .          Rampage  .    (no gloves)
Will    .....                    e - +0 pair of boots
Stlth   ..........               (no amulet)
HPRegen 0.26/turn                h - ring of see invisible
MPRegen 0.09/turn                (no ring)

@: mighty
A: no striking features
a: no special abilities


You were on level 3 of the Dungeon.
You visited 1 branch of the dungeon, and saw 3 of its levels.

You collected 209 gold pieces.

Inventory:

Hand Weapons
 a - a +0 war axe (weapon)
Missiles
 i - 6 poisoned darts (quivered)
Armour
 b - a +0 scale mail (worn)
 c - a +0 buckler (worn)
 e - a +0 pair of boots (worn)
Jewellery
 h - a ring of see invisible (left hand)
Scrolls
 g - a scroll of blinking {unknown}
 k - 2 scrolls of identify {unknown}
 l - a scroll of enchant weapon {unknown}
 m - a scroll of vulnerability {unknown}
 n - a scroll of butterflies {unknown}
Potions
 f - 3 potions of curing {unknown}
 j - a potion of invisibility {unknown}


   Skills:
 + Level 4.6 Fighting
 * Level 5.3 Axes
 - Level 3.2 Armour
 - Level 3.2 Shields


You had 3 spell levels left.
You didn't know any spells.
Your spell library contained the following spells:

 Spells                   Type           Power      Damage    Failure   Level
 Freeze                   Ice            0%         1d3       85%         1
 Frozen Ramparts          Ice            0%         1d1       99%         3
 Hailstorm                Conj/Ice       0%         3d3       99%         3


Dungeon Overview and Level Annotations

Branches:
Dungeon (3/15)

Altars:
Wu Jian

Annotations:
D:3 Grinder


Message History

You feel sick.
No target in view!
You feel sick.
You are no longer poisoned.
You feel very mighty all of a sudden.
Grinder opens the door.
A quokka comes into view.
Things that are here:
a +0 short sword; 6 poisoned darts; a kobold corpse You closely miss Grinder.
Grinder misses you.
A worm comes into view.
Grinder gestures at you. Pain shoots through your body!
You closely miss Grinder. You block Grinder's attack.
You closely miss Grinder. Grinder closely misses you.
You slash Grinder!
Grinder is moderately wounded.
Grinder hits you.
You writhe in agony.
The quokka closely misses you.
You closely miss Grinder.
Grinder is moderately wounded.
You barely miss the quokka. Grinder hits you but does no damage.
The quokka barely misses you. Grinder gestures at you.
Pain shoots through your body!
* * * LOW HITPOINT WARNING * * *
You barely miss Grinder.
Grinder is moderately wounded.
You closely miss the quokka.
The quokka bites you but does no damage.
Grinder closely misses you. The quokka bites you.
* * * LOW HITPOINT WARNING * * *
You barely miss Grinder.
Grinder is moderately wounded.
You slash the quokka!
You kill the quokka!
Grinder completely misses you.
You barely miss Grinder.
Grinder is moderately wounded.
Grinder hits you!
You die...

#####.#.######..
..# #.#.........
####### #.#
#.####.#.#..
....... #.#
#.#.........
....... #.#
#.#.#######.
.......##.###.#
.......
.......'......#
...####
.....w5#.#######
# .....
#.@........
..###
###########


You could see Grinder and a worm.

Vanquished Creatures
  Jessica (D:2)
  2 adders
  A worm (D:2)
  2 bats (D:2)
  5 endoplasms
  3 giant cockroaches (D:1)
  4 goblins (D:2)
  7 hobgoblins
  2 quokkas
  3 ball pythons
  3 frilled lizards
  8 kobolds
  3 rats
  4 bushes (D:2)
48 creatures vanquished.

Vanquished Creatures (others)
  3 plants (D:2)
3 creatures vanquished.

Grand Total: 51 creatures vanquished

Notes
Turn   | Place    | Note
-------+----------+-------------------------------------------
     0 | D:1      | Powertoast the Hill Orc Fighter began the quest for the
                  | Orb.
     0 | D:1      | Reached XP level 1. HP: 19/19 MP: 1/1
    87 | D:1      | Reached skill level 3 in Axes
   210 | D:1      | Reached XP level 2. HP: 27/27 MP: 2/2
  1021 | D:2      | Noticed Jessica
  1028 | D:2      | Reached skill level 4 in Axes
  1028 | D:2      | Reached XP level 3. HP: 33/33 MP: 3/3
  1041 | D:2      | Killed Jessica
  1058 | D:2      | Reached XP level 4. HP: 37/41 MP: 4/4
  1154 | D:2      | Found a faded altar of an unknown god.
  1207 | D:2      | Reached skill level 5 in Axes
  1263 | D:2      | Found an ornate altar of the Wu Jian Council.
  2070 | D:3      | Noticed Grinder
  2082 | D:3      | Slain by Grinder

Illustrated notes

Levels and vault maps discovered:
D:1:      scummos_arrival_gate, layout_loops_corners
D:2:      layout_basic, basic_altar, serial_forest, infiniplex_forest_lined_3,
          infiniplex_forest_clump_tiny, infiniplex_forest_straight_3,
          infiniplex_forest_clump_double, dreamdust_ecumenical_altar_statues,
          hangedman_decor_push, minmay_box_of_dots, uniq_jessica
D:3:      layout_basic, portal_sewer_entry_b, uniq_grinder

Skill      XL: |  1  2  3  4 |
---------------+-------------+-----
Axes           | 3 4 5 |  5.3
Fighting       | 4 |  4.6
Armour         | |  3.2
Shields        | |  3.2

Action                   |  1- 3 |  4- 6 || total
-------------------------+-------+-------++-------
Melee: War axe           |    56 |   169 ||   225
  Use: Potion            |       |     1 ||     1
Armor: Scale mail        |    32 |    20 ||    52
Dodge: Dodged            |    18 |    15 ||    33
Block: Buckler           |     9 |    13 ||    22

Table legend: (Time is in decaauts)
 A = Elapsed time spent in this place.
 B = Non-inter-level travel time spent in this place.
 C = Inter-level travel time spent in this place.
 D = Time resting spent in this place.
 E = Time spent auto-exploring this place.
 F = Levels seen in this place.
 G = Mean time per level.
                   A        B        C        D        E       F      G
               +--------+--------+--------+--------+--------+-----+--------+
         Total |   2151 |   2058 |     93 |      0 |   1571 |   3 |  717.0 |
       Dungeon |   2151 |   2058 |     93 |      0 |   1571 |   3 |  717.0 |
               +--------+--------+--------+--------+--------+-----+--------+

Top non-repeatable levels by time:
     D:1: 1027 daAuts
     D:2: 951 daAuts
     D:3: 172 daAuts
